 Dungeon Crawl Stone Soup version 0.22-a0-848-ge9e22a0 (webtiles) character file.

23 protoss039 the Skirmisher (level 2, -8/27 HPs)
             Began as a Minotaur Fighter on July 26, 2018.
             Killed by divine providence
             ... invoked by an orc priest
              (9 damage)
             ... on level 2 of the Dungeon.
             The game lasted 00:01:04 (601 turns).

protoss039 the Skirmisher (Minotaur Fighter)         Turns: 601, Time: 00:01:05

Health: -8/27      AC:  6    Str: 25    XL:     2   Next: 75%
Magic:  1/1        EV:  7    Int:  5    God:
Gold:   16         SH:  9    Dex:  9    Spells: 1/1 levels left

rFire    . . .     SeeInvis .   a - +0 war axe
rCold    . . .     Gourm    .   c - +0 shield
rNeg     . . .     Faith    .   b - +0 scale mail
rPois    .         Spirit   .   (helmet restricted)
rElec    .         Reflect  .   (no cloak)
rCorr    .         Harm     .   (no gloves)
MR       .....                  (no boots)
Stlth    ..........             (no amulet)
HPRegen  0.09/turn              (no ring)
MPRegen  0.07/turn              (no ring)

@: mighty, lethally poisoned (-8 -> -15), hasted, very quick
A: retaliatory headbutt, horns 2
a: no special abilities


You were on level 2 of the Dungeon.
You were not hungry.

You visited 1 branch of the dungeon, and saw 2 of its levels.

You collected 16 gold pieces.

Inventory:

Hand Weapons
 a - a +0 war axe (weapon)
Armour
 b - a +0 scale mail (worn)
 c - a +0 shield (worn)
Jewellery
 h - an uncursed ring of poison resistance {unknown}
Scrolls
 e - a scroll of fear {unknown}
 k - a scroll of noise {unknown}
 l - a scroll of teleportation {unknown}
Potions
 g - a potion of haste
 i - a potion of mutation {unknown}
 j - a potion of agility {unknown}
Comestibles
 f - a ration


   Skills:
 + Level 4.1 Fighting
 * Level 3.6 Axes
 - Level 3.6 Armour
 - Level 3.6 Shields


You had one spell level left.
You didn't know any spells.
Your spell library was empty.

Dungeon Overview and Level Annotations

Branches:
Dungeon (2/15)

Altars:


Innate Abilities, Weirdness & Mutations

You reflexively headbutt those who attack you in melee.
You have a pair of horns on your head.


Message History

Pain shoots through your body!
You closely miss the orc.
The orc priest looks encouraged for a moment.
A kobold comes into view. It is wielding a club.
The orc barely misses you.
The orc priest calls down the wrath of Beogh upon you.
Beogh smites you!
* * * LOW HITPOINT WARNING * * *
Unknown command.
You feel very mighty all of a sudden. The orc hits you but does no damage.
Unknown command.
It was a potion of haste.
You feel yourself speed up.
The orc priest hits you with a dagger of venom.
* * * LOW HITPOINT WARNING * * *
You are lethally poisoned!
You block the kobold's attack.
The orc priest invokes the aid of Beogh against you.
Beogh smites you!
You die...

#### ### .... ..#
..... #.# .....
#.# ...... #.#
......###.#
......†.K.###.###
.(.....@.r......#
......ooo........
............#...#
####.##.....# ..#
#. +.....# # #
#.....# +..<..#
#.....#


You could see 2 orc priests, an orc, a kobold and a rat.

Vanquished Creatures
  A leopard gecko (D:1)
  A ball python (D:1)
  2 goblins
  4 hobgoblins (D:1)
  4 jackals (D:1)
  3 bats
  5 rats (D:1)
20 creatures vanquished.

Notes
Turn   | Place    | Note
-------+----------+-------------------------------------------
     0 | D:1      | protoss039 the Minotaur Fighter began the quest for the Orb.
     0 | D:1      | Reached XP level 1. HP: 19/19 MP: 0/0
   174 | D:1      | Reached XP level 2. HP: 17/27 MP: 1/1
   249 | D:1      | Reached skill level 4 in Fighting
   601 | D:2      | HP: 1/27 [orc priest/dagger of venom (3)]
   601 | D:2      | Killed from afar by an orc priest

Vault maps used:
D:1:      scummos_arrival_star
D:2:      uniq_natasha

Skill      XL: |  1  2 |
---------------+-------+-----
Axes           | 3 |  3.6
Fighting       | 4 |  4.1
Armour         | |  3.6
Shields        | |  3.6

Action                   || total
-------------------------++-------
Melee: War axe           ||    41
       Headbutt          ||     3
  Use: Potion            ||     2
Armor: Scale mail        ||    30
Dodge: Dodged            ||    14
Block: Shield            ||    22

Table legend:
 A = Spawn XP
 B = Non-spawn XP
 C = Spawn XP percentage of total XP
 D = Spawn monster count
 E = Non-spawn monster count
 F = Spawn count percentage of total count
 G = Total turns spent on level
                    A         B        C        D         E        F      G
               +---------+---------+-------+---------+---------+-------+---------
         Total |       0 |      34 |   0.0 |       0 |      20 |   0.0 |   601
               +---------+---------+-------+---------+---------+-------+---------
           D:1 |       0 |      30 |   0.0 |       0 |      18 |   0.0 |   594
           D:2 |       0 |       4 |   0.0 |       0 |       2 |   0.0 |     7
               +---------+---------+-------+---------+---------+-------+---------
